 Dungeon Crawl Stone Soup version 0.14-a0-181-gf6fe0c6 (webtiles) character file.

239 Malachi the Vexing (level 4, 0/30 HPs)
             Began as a Vampire Enchanter on Oct 6, 2013.
             Slain by an orc
             ... wielding a +1,+2 orcish dagger of protection
              (2 damage)
             ... on Level 3 of the Dungeon.
             The game lasted 00:04:39 (2458 turns).

Malachi the Vexing (Vampire Enchanter)              Turns: 2458, Time: 00:04:40

HP   0/30        AC  5     Str 11      XL: 4   Next: 30%
MP   2/8         EV 13     Int 18      God:
Gold 151         SH  0     Dex 14      Spells:  2 memorised,  3 levels left

Res.Fire  : . . .   See Invis. : +   a - +1 dagger
Res.Cold  : + + .   Warding    : .   b - +1 robe
Life Prot.: + + +   Conserve   : .   (no shield)
Res.Poison: +       Res.Corr.  : .   (no helmet)
Res.Elec. : .       Clarity    : .   (no cloak)
Sust.Abil.: . .     Spirit.Shd : .   h - +0 pair of gauntlets
Res.Mut.  : .       Stasis     : .   s - +0 pair of boots
Res.Rott. : +       Flight     : .   (no amulet)
Saprovore : . . .                    m - +4 ring of strength
                                     j - ring of poison resistance

@: regenerating slowly, very slightly contaminated, slightly resistant to
hostile enchantments, quite stealthy
A: fangs 3, see invisible, unbreathing
a: Bat Form


You were on level 3 of the Dungeon.
You were near bloodless.

You visited 1 branch of the dungeon, and saw 3 of its levels.

You collected 131 gold pieces.

Inventory:

Hand weapons
 a - a +1,+1 dagger (weapon)
 n - a cursed -2 blowgun
 p - a +0,+1 dwarven dagger
 q - a +0,+0 long sword
Missiles
 d - 12 darts (quivered)
 t - 18 poisoned needles
Armour
 b - a +1 robe (worn)
 h - a +0 pair of gauntlets (worn)
 s - a +0 pair of boots (worn)
Scrolls
 g - 4 scrolls of teleportation
 l - 2 scrolls of identify
 o - a scroll of fear
 r - a scroll of blinking
 x - a scroll of enchant armour {unknown}
Jewellery
 j - a ring of poison resistance (left hand)
 m - a +4 ring of strength (right hand)
Potions
 e - a potion of coagulated blood
 f - 5 potions of curing
 i - 4 potions of might
 k - a potion of heal wounds {unknown}
 u - a potion of beneficial mutation {unknown}
 v - a potion of blood
 w - a potion of restore abilities {unknown}
Books
 c - a book of Maledictions

   Spells                             Type                      Level
   *Corona                            Hexes                        1
   Sure Blade                         Hexes/Charms                 2
   *Ensorcelled Hibernation           Hexes/Ice                    2
   Confuse                            Hexes                        3
   Enslavement                        Hexes                        4
   Invisibility                       Hexes                        6


   Skills:
 + Level 0.3 Fighting
 + Level 1.5 Short Blades
 + Level 0.7 Throwing
 + Level 3.2 Dodging
 + Level 3.9 Stealth
 + Level 1.7 Spellcasting
 * Level 5.4 Hexes


You had 3 spell levels left.
You knew the following spells:

 Your Spells              Type           Power        Failure   Level  Hunger
a - Corona                Hex            ###....      1%          1    #......
b - Ensorcelled Hibernat  Hex/Ice        ##....       12%         2    ###....


Dungeon Overview and Level Annotations

Branches:
Dungeon (3/27)

Altars:


Innate Abilities, Weirdness & Mutations

You heal slowly.
You have razor-sharp teeth.*
You have supernaturally acute eyesight.
You can survive without breathing.*


Message History

Aim: an orc priest, wielding an orcish short sword and wearing an orcish chain mail The orc priest looks drowsy...
The orc hits you with a runed orcish dagger.
The helpless orc priest fails to defend itself.
You bite the orc priest, and draw its blood!
You feel better.
You feel slightly less thirsty.
You puncture the orc priest!
The orc priest is severely wounded.
The orc priest mumbles some strange prayers to Beogh against you.
Something smites you!
Ouch! That really hurt!
* * * LOW HITPOINT WARNING * * *
The orc hits you with a runed orcish dagger.
* * * LOW HITPOINT WARNING * * *
You completely miss the orc priest.
You bite the orc priest, but do no damage.
The orc priest is severely wounded.
The orc priest hits you with an orcish short sword.
* * * LOW HITPOINT WARNING * * *
The orc hits you with a runed orcish dagger.
You die...

...........................#
....................##.#####
#.....#########....##.#
#.....# #..####.# #.o.#
#.......# #.# #####.#######
#%#####...#.# #.(.oo....[.#
######@o..### #..<## #####


You could see an orc priest and 2 orcs.

Vanquished Creatures
  An orc priest (D:3)
  An adder (D:2)
  An orc (D:3)
  2 ball pythons
  8 bats
  5 giant cockroaches
  6 hobgoblins
  2 jackals
  8 kobolds
  6 giant newts
  3 goblins
  8 rats
51 creatures vanquished.

Notes
Turn   | Place    | Note
--------------------------------------------------------------
     0 | D:1      | Malachi, the Vampire Enchanter, began the quest for the Orb.
     0 | D:1      | Reached XP level 1. HP: 13/13 MP: 4/4
   266 | D:1      | Reached XP level 2. HP: 13/19 MP: 5/5
  1510 | D:2      | Reached XP level 3. HP: 22/24 MP: 7/7
  1585 | D:2      | Reached skill level 5 in Hexes
  1590 | D:2      | Learned a level 2 spell: Ensorcelled Hibernation
  2183 | D:3      | Reached XP level 4. HP: 30/30 MP: 3/8
  2458 | D:3      | Slain by an orc

Action                   |  1- 3 |  4- 6 || total
-------------------------+-------+-------++-------
Melee: Dagger            |   177 |     2 ||   179
       Long sword        |    15 |       ||    15
 Cast: Corona            |    18 |       ||    18
       Ensorcelled Hiber |     2 |     2 ||     4
  Use: Scroll            |     9 |       ||     9
 Stab: Sleeping          |     9 |     1 ||    10
